Map: Berlingrad LE

Players

Zombiesaurus

  • Race: Protoss Protoss
  • League: Diamond
  • Spawn Location: 11:00

Warthog - Winner!

  • Race: Terran Terran
  • League: Diamond
  • Spawn Location: 5:00

VOD

Have the link to the VOD?

Description

Time

  • Played on: Nov. 23, 2021, 6:42 p.m.
  • Length: 5:11
Show
View Real Time Build Order
Export as new Build Order

Zombiesaurus Protoss 

Build Orders: 1 Gate Expand, Blink Stalkers 

Get SALT Encoding   

  12  0:00  Probe  
  13  0:12  Probe  
  14  0:19  Pylon  
  14  0:24  Probe  
  15  0:37  Probe (Chrono Boost)  
  15  0:40  Gateway  
  16  0:49  Probe (Chrono Boost)  
  17  0:52  Assimilator  
  17  0:54  Probe (Chrono Boost)  
  18  1:03  Probe  
  19  1:15  Probe  
  20  1:28  Probe  
  20  1:32  Cybernetics Core  
  21  1:41  Nexus  
  21  1:47  Pylon  
  20  1:54  Probe  
  20  1:58  Assimilator  
  21  2:06  Probe  
  22  2:14  Stalker  
  22  2:15  Warp Gate  
  24  2:18  Probe  
  25  2:30  Probe  
  25  2:36  Twilight Council  
  26  2:43  Probe (Chrono Boost)  
  27  2:46  Stalker  
  29  2:53  Probe (Chrono Boost)  
  31  3:00  Shield Battery, Probe (Chrono Boost)  
  31  3:02  Probe (Chrono Boost)  
  31  3:04  Blink (Chrono Boost)  
  32  3:07  Probe x2 (Chrono Boost)  
  34  3:18  Pylon  
  34  3:19  Probe  
  35  3:23  Probe  
  36  3:31  Probe  
  37  3:35  Probe  
  37  3:39  Robotics Facility  
  38  3:43  Probe  
  38  3:47  Probe  
  40  3:55  Probe  
  41  3:59  Probe, Pylon  
  42  4:04  Stalker  
  42  4:07  Probe  
  45  4:11  Probe  
  45  4:12  Gateway  
  45  4:13  Gateway  
  45  4:16  Gateway  
  46  4:19  Probe  
  46  4:21  Gateway  
  46  4:24  Probe  
  48  4:28  Warp Prism  
  50  4:31  Probe  
  50  4:36  Probe  
  52  4:41  Stalker  
  52  4:43  Probe  
  51  4:52  Probe  
  45  4:55  Probe  
Show
View Real Time Build Order
Export as new Build Order

Warthog Terran - Winner!

Build Orders:  

Get SALT Encoding   

  12  0:00  SCV  
  13  0:12  SCV  
  14  0:17  Supply Depot  
  14  0:25  SCV  
  15  0:39  SCV  
  15  0:42  Barracks  
  16  0:45  Refinery  
  16  0:51  SCV  
  17  1:03  SCV  
  18  1:15  SCV  
  19  1:29  Orbital Command  
  19  1:30  Marine  
  20  1:41  Command Center  
  20  1:55  Barracks Reactor  
  20  1:58  Supply Depot, SCV  
  21  2:08  Factory  
  21  2:16  SCV  
  21  2:20  Refinery  
  22  2:25  Bunker  
  22  2:28  SCV  
  23  2:31  Marine x2  
  25  2:40  SCV  
  26  2:52  SCV, Starport  
  26  2:55  Hellion  
  29  3:01  Orbital Command  
  29  3:05  SCV  
  30  3:09  Marine  
  30  3:10  Marine  
  32  3:17  SCV  
  33  3:24  Hellion  
  35  3:30  SCV  
  35  3:31  Medivac  
  35  3:33  Supply Depot, SCV  
  39  3:37  Marine  
  39  3:39  Marine  
  41  3:45  SCV x2, Hellion  
  45  3:57  SCV  
  45  3:58  SCV  
  45  4:00  Marine  
  48  4:09  SCV  
  49  4:10  SCV, Factory Tech Lab, Starport Tech Lab  
  49  4:15  Barracks  
  50  4:17  Supply Depot, Barracks  
  50  4:18  Marine x2  
  50  4:21  SCV  
  50  4:22  SCV  
  54  4:38  SCV x2  
  56  4:50  SCV x2  
  54  5:00  Command Center  
  54  5:01  Engineering Bay x2  
  60  5:07  Supply Depot  
Tags
 
Add a new tag
Caveats
  • Supply blocks, unpowered buildings, or Contaminate may cause inaccurate times.
  • Supply counts are checked every 10 seconds.